 Dungeon Crawl Stone Soup version 0.26.0-16-gc1dbca0489 (webtiles) character file.

Game seed: 9006001042476236015

24 thiole the Magician (level 3, 0/21 HPs)
             Began as an Octopode Hedge Wizard on Jan 20, 2021.
             Slain by an adder (4 damage)
             ... on level 2 of the Dungeon.
             The game lasted 00:01:01 (1469 turns).

thiole the Magician (Octopode Hedge Wizard)         Turns: 1469, Time: 00:01:02

Health: 0/21       AC:  1    Str:  9    XL:     3   Next: 2%
Magic:  7/7        EV: 13    Int: 17    God:
Gold:   59         SH:  0    Dex: 11    Spells: 7/8 levels left

rFire    . . .     SeeInvis .   a - +0 dagger
rCold    . . .     Faith    .   (no shield)
rNeg     . . .     Spirit   .   b - +0 hat
rPois    .         Reflect  .   e - amulet of magic regeneration
rElec    .         Harm     .   (no ring)
rCorr    .         Rampage  .   (no ring)
Will     .....                  (no ring)
Stlth    +++.......             (no ring)
HPRegen  0.07/turn              (no ring)
MPRegen  0.35/turn              (no ring)
                                (no ring)
                                (no ring)

@: lethally poisoned (0 -> -7)
A: almost no armour, stealthy swim, amphibious, 8 rings, constrict 8, camouflage
1, gelatinous body 1
a: no special abilities


You were on level 2 of the Dungeon.
You visited 1 branch of the dungeon, and saw 2 of its levels.

You collected 59 gold pieces.

Inventory:

Hand Weapons
 a - a +0 dagger (weapon)
Armour
 b - a +0 hat (worn)
Jewellery
 e - an amulet of magic regeneration (around mantle)
Scrolls
 c - a scroll of random uselessness {unknown}
 d - a scroll of noise {unknown}
 f - a scroll of identify {unknown}
 g - a scroll of immolation {unknown}
 i - a scroll of fog {unknown}
Potions
 h - a potion of lignification {unknown}


   Skills:
 - Level 2.0 Dodging
 + Level 3.1 Stealth
 + Level 3.1 Spellcasting
 * Level 1.9 Conjurations
 * Level 1.6 Summonings
 - Level 1.0 Translocations


You had 7 spell levels left.
You knew the following spells:

 Your Spells              Type           Power        Failure   Level
a - Magic Dart            Conj           36%          8%          1

Your spell library contained the following spells:

 Spells                   Type           Power        Failure   Level
 Call Imp                 Summ           8%           13%         2
 Blink                    Tloc           N/A          17%         2
 Slow                     Hex            2%           26%         2
 Conjure Flame            Conj/Fire      5%           34%         3
 Mephitic Cloud           Conj/Pois/Air  4%           36%         3


Dungeon Overview and Level Annotations

Branches:
Dungeon (2/15)

Altars:


Innate Abilities, Weirdness & Mutations

You cannot wear most types of armour.
You are very stealthy in the water. (Stealth+)
You are amphibious.
You can wear up to eight rings at the same time.
You can use your tentacles to constrict eight enemies at once.
Your skin changes colour to match your surroundings (Stealth+).
Your rubbery body absorbs attacks. (AC +1, EV +1)


Message History

Your squeeze misses the adder.
The adder is lightly wounded.
You feel sick. The adder bites you.
You hit the adder. You grab the adder.
The adder is moderately wounded.
You constrict the adder. The adder bites you.
* * * LOW HITPOINT WARNING * * *
You are lethally poisoned!
The adder poisons you!
You hit the adder.
The adder is heavily wounded.
You constrict the adder.
* * * LOW HITPOINT WARNING * * *
You feel sick. The adder closely misses you. The adder barely misses you.
You hit the adder but do no damage.
The adder is heavily wounded.
You constrict the adder.
* * * LOW HITPOINT WARNING * * *
You feel sick. The adder bites you.
You die...

### #.. #.#
#######.#
#....##.#
#.....#.######
#.#.#.........#
#.....##.####.#
#.#.#.#@#.# #.#
##....S##.####.#
#.#.#. #......#
##...# #####..#
##.# #..# #.
#<.# #
########..#####
................
################


You could see an adder.

Vanquished Creatures
  A dart slug (D:1)
  2 bats (D:1)
  A giant cockroach (D:1)
  2 hobgoblins (D:1)
  4 jackals (D:1)
  2 kobolds (D:1)
  A frilled lizard (D:1)
  4 goblins (D:1)
  4 rats (D:1)
21 creatures vanquished.

Notes
Turn   | Place    | Note
-------+----------+-------------------------------------------
     0 | D:1      | thiole the Octopode Hedge Wizard began the quest for the
                  | Orb.
     0 | D:1      | Reached XP level 1. HP: 11/11 MP: 4/4
   385 | D:1      | Reached XP level 2. HP: 17/17 MP: 1/6
  1136 | D:1      | Reached XP level 3. HP: 21/21 MP: 5/7
  1469 | D:2      | Slain by an adder

Illustrated notes

Levels and vault maps discovered:
D:1:      amcnicky_arrival_wind_blow, layout_basic
D:2:      layout_loops_ring, chequers_ecumenical_altar_island,
          corexii_item_surrounded_by_moat, kennysheep_doodads, hex_tiny,
          st_stairs_3, uniq_sigmund, uniq_terence

Skill      XL: |  1  2 |
---------------+-------+-----
Stealth        | 3 |  3.1
Dodging        | |  2.0
Spellcasting   | |  3.1
Conjurations   | |  1.9
Summonings     | |  1.6
Translocations | |  1.0

Action                   || total
-------------------------++-------
Melee: Dagger            ||    22
       Constrict         ||     4
       Tentacles         ||     2
 Cast: Magic Dart        ||    35
Dodge: Dodged            ||    15
